 Dungeon Crawl Stone Soup version 0.18-a0-1027-g814d7dd (webtiles) character file.

88312 Duffy the Earth Mage (level 15, -37/88 HPs)
             Began as a Gargoyle Earth Elementalist on Jan 8, 2016.
             Was the Champion of Sif Muna.
             Killed by a reflected iron shot
             ... reflected by Donald
             ... on level 2 of the Orcish Mines.
             The game lasted 01:28:52 (35510 turns).

Duffy the Earth Mage (Gargoyle Earth Elementalist) Turns: 35510, Time: 01:28:52

Health: -37/88     AC: 24    Str: 12    XL:     15   Next: 93%
Magic:  2/38       EV: 15    Int: 22    God:    Sif Muna [******]
Gold:   952        SH:  0    Dex: 10    Spells: 8 memorised, 2 levels left

rFire  + . .     SeeInvis .     H - staff of energy
rCold  . . .     Gourm    .     e - +2 robe {MR+}
rNeg   + . .     Faith    .     (no shield)
rPois  ∞         Spirit   .     l - +2 hat of the High Council {Archmagi, Wiz- Stlth-}
rElec  +         Dismiss  .     Y - +0 cloak
rCorr  .         Reflect  .     o - +2 pair of gloves {rF+}
SustAt .         Harm     .     c - +2 pair of boots
MR     +++..                    p - amulet of regeneration
Stlth  ++........               B - ring of protection from magic
                                f - ring of magical power

@: flying, extremely resistant to hostile enchantments, unstealthy
A: big wings, negative energy resistance 1, electricity resistance, unbreathing,
petrification resistance, rot immunity, AC +11
a: Stop Flying, Channel Energy, Forget Spell, Renounce Religion


You were on level 2 of the Orcish Mines.
You worshipped Sif Muna.
Sif Muna was exalted by your worship.
You were not hungry.

You visited 4 branches of the dungeon, and saw 23 of its levels.
You visited 1 bazaar.
You also visited: Labyrinth, Ice Cave and Volcano.

You collected 2949 gold pieces.
You spent 1997 gold pieces at shops.


Innate Abilities, Weirdness & Mutations

You are resistant to torment.
Your stone body is resilient (AC +11).
You are immune to poison.
Your large and strong wings let you fly indefinitely.
You resist negative energy.
You are resistant to electric shocks.
You can survive without breathing.
You are immune to petrification.
You are immune to rotting.


   Skills:
 - Level 8.2 Fighting
 - Level 8.4 Dodging
 - Level 5.0 Stealth
 + Level 10.6 Spellcasting
 + Level 14.5 Conjurations
 - Level 3.4 Transmutations
 * Level 7.2 Fire Magic
 - Level 16.2 Earth Magic
 - Level 8.0 Invocations


You had 2 spell levels left.
You knew the following spells:

 Your Spells              Type           Power        Failure   Level  Hunger
a - Sandblast             Erth           ######       1%          1    None
c - Stone Arrow           Conj/Erth      ######       1%          3    None
i - Petrify               Trmt/Erth      ######..     4%          4    None
j - Bolt of Magma         Conj/Fire/Erth #######...   3%          5    None
k - Iron Shot             Conj/Erth      #######...   4%          6    None
l - Lee's Rapid Deconstr  Erth           #######...   1%          5    None
n - Bolt of Fire          Conj/Fire      ######....   22%         6    None
P - Passwall              Trmt/Erth      ######....   2%          3    None

Inventory:

Missiles
 b - 603 stones (quivered)
 t - 13 curare-tipped needles
 G - 85 poisoned needles
 Q - 5 throwing nets
Armour
 c - a +2 pair of boots (worn)
 e - a +2 robe of magic resistance (worn)
 l - the +2 hat of the High Council (worn) {Archmagi, Wiz- Stlth-}

   It makes you less stealthy.
 o - a +2 pair of gloves of fire resistance (worn)
 Y - a +0 cloak (worn)
Magical Staves
 a - an uncursed staff of earth
 H - an uncursed staff of energy (weapon)
Jewellery
 f - a ring of magical power (left hand)
 p - an amulet of regeneration (around neck)
 v - an uncursed ring of positive energy
 B - a ring of protection from magic (right hand)
 D - an uncursed ring of protection from cold
 F - an uncursed ring of protection from fire
Wands
 m - a wand of paralysis (15/24)
 n - a wand of teleportation (6/9)
 s - a wand of hasting (5/9)
 x - a wand of digging (11/24)
 J - a wand of slowing (28/48)
 K - a wand of disintegration (4/24)
 P - a wand of hasting (3/9)
 S - a wand of draining (7/15)
 U - a wand of fire (7/15)
Scrolls
 g - 9 scrolls of fog
 i - a scroll of blinking
 j - 16 scrolls of remove curse
 k - 8 scrolls of teleportation
 y - 5 scrolls of fear
 A - 3 scrolls of magic mapping
 L - 9 scrolls of enchant armour
 X - 2 scrolls of recharging
Potions
 q - a potion of resistance
 u - 10 potions of agility
 w - 4 potions of brilliance
 z - 12 potions of curing
 C - 2 potions of haste
 I - 2 potions of invisibility
 N - 4 potions of heal wounds
 O - 2 potions of berserk rage
 R - 3 potions of magic
Comestibles
 d - 13 bread rations
 h - 5 chunks of flesh
 r - 12 beef jerkies
 M - 12 meat rations

Dungeon Overview and Level Annotations

Branches:
Dungeon (12/15)            Temple (1/1) D:4            Lair (8/8) D:9
  Swamp (0/4) Lair:3       Spider (0/4) Lair:4        Slime (0/6) Lair:7
    Orc (2/2) D:9             Elf (0/3) Orc:2

Altars:
Ashenzari
Cheibriados
Dithmenos
Elyvilon
Fedhas
Gozag
Kikubaaqudgha
Makhleb
Nemelex Xobeh
Okawaru
Pakellas
Qazlal
Ru
Sif Muna
Trog
Vehumet
Xom
Yredelemnul
Zin
The Shining One

Shops:
D:4 *   D:5 =[=   D:8 [   D:11 *   Orc:1 ?

Annotations:
D:5 exclusion: statue
Lair:3 totalnoob's ghost, journeyman CeFi
Orc:2 Donald


Message History

Aim: Donald, wielding an eveningstar of protection, wearing a plate armour and wearing a glowing shield (heavily wounded)
You feel a surge of power!
Donald reflects the iron shot off his glowing shield!
The iron shot misses you.
Donald hits you with an eveningstar of protection.
Cast which spell? (? or * to list)
Aiming: Iron Shot
Press: ? - help, Shift-Dir - straight line, f/p - Donald
Aim: Donald, wielding an eveningstar of protection, wearing a plate armour and wearing a shield of reflection (heavily wounded)
You feel a surge of power!
Donald reflects the iron shot off his shield of reflection!
The iron shot hits you!
Cast which spell? (? or * to list)
Aiming: Iron Shot
Press: ? - help, Shift-Dir - straight line, f/p - Donald
Aim: Donald, wielding an eveningstar of protection, wearing a plate armour and wearing a shield of reflection (heavily wounded)
You feel a surge of power!
Donald reflects the iron shot off his shield of reflection!
The iron shot hits you! Donald hits you but does no damage.
Cast which spell? (? or * to list)
Aiming: Iron Shot
Press: ? - help, Shift-Dir - straight line, f/p - Donald
Aim: Donald, wielding an eveningstar of protection, wearing a plate armour and wearing a shield of reflection (heavily wounded)
You feel a surge of power!
The iron shot hits Donald.
Donald is almost dead.
Donald hits you but does no damage.
Cast which spell? (? or * to list)
Aiming: Iron Shot
Press: ? - help, Shift-Dir - straight line, f/p - Donald
Aim: Donald, wielding an eveningstar of protection, wearing a plate armour and wearing a shield of reflection (almost dead)
You feel a surge of power!
Donald reflects the iron shot off his shield of reflection!
The iron shot hits you!
Ouch! That really hurt!
You die...

##..#.....# #...#.#.## ###
##..##### ##.# ##...# #..###
###...## ### #.##.# ##.....##
####.. #....# ##.......##
###....# #....### ##....@....#
##.......
.......####....)@....####........
.).....#.##....).).....#.........
...(....####<.......[.)#.^.......
.%)).....##.........<..........#.
..#.........................####.
..#..........#..#.#..........# ##
####.........######........###
#.##.........##.#..........### ##
.###.........................###.


You could see Donald.

Action                   |  1- 3 |  4- 6 |  7- 9 | 10-12 | 13-15 || total
-------------------------+-------+-------+-------+-------+-------++-------
Melee: Dagger            |    34 |    96 |   410 |   120 |       ||   660
       Staff             |       |       |       |       |   469 ||   469
 Cast: Sandblast         |    64 |    20 |    76 |   102 |    97 ||   359
       Stone Arrow       |       |       |     8 |   279 |   932 ||  1219
       Lee's Rapid Decon |       |       |       |     4 |    21 ||    25
       Petrify           |       |       |       |       |     3 ||     3
       Iron Shot         |       |       |       |       |    49 ||    49
       Bolt of Magma     |       |       |       |       |    23 ||    23
Invok: Channel Energy    |       |       |       |    21 |   360 ||   381
 Abil: Fly               |       |       |       |       |     2 ||     2
       Stop Flying       |       |       |       |       |     1 ||     1
Evoke: Wand              |       |       |       |       |     1 ||     1
  Use: Scroll            |       |       |    13 |    14 |    18 ||    45
       Potion            |       |       |       |       |     4 ||     4
 Stab: Sleeping          |     1 |     6 |     9 |     2 |       ||    18
  Eat: Chunk             |     4 |     5 |    16 |    28 |   115 ||   168
       Fruit             |       |       |       |     2 |     8 ||    10
       Pizza             |       |       |       |       |     6 ||     6
       Beef jerky        |       |       |       |       |     4 ||     4

Notes
Turn   | Place    | Note
--------------------------------------------------------------
     0 | D:1      | Duffy the Gargoyle Earth Elementalist began the quest for the Orb.
     0 | D:1      | Reached XP level 1. HP: 10/10 MP: 3/3
   276 | D:1      | Reached XP level 2. HP: 15/15 MP: 5/5
   378 | D:1      | Reached skill level 4 in Earth Magic
   642 | D:1      | Reached XP level 3. HP: 19/19 MP: 7/7
  1385 | D:2      | Found a basalt altar of Yredelemnul.
  1385 | D:2      | Found a sacrificial altar of Ru.
  1439 | D:2      | Found a shadowy altar of Dithmenos.
  1518 | D:2      | Reached skill level 3 in Spellcasting
  1891 | D:3      | Learned a level 3 spell: Stone Arrow
  1895 | D:3      | Learned a level 3 spell: Passwall
  1932 | D:3      | Reached XP level 4. HP: 21/24 MP: 8/8
  2306 | D:3      | Reached skill level 5 in Earth Magic
  2415 | D:3      | Reached XP level 5. HP: 28/28 MP: 9/9
  2562 | D:3      | Reached skill level 6 in Earth Magic
  2686 | D:3      | Noticed Jessica
  2692 | D:3      | Killed Jessica
  2791 | D:3      | Found a faded altar to an unknown god.
  2822 | D:3      | Reached skill level 7 in Earth Magic
  2822 | D:3      | Reached XP level 6. HP: 32/32 MP: 10/10
  3178 | D:4      | Found a staircase to the Ecumenical Temple.
  3183 | Temple   | Entered the Ecumenical Temple
  3426 | Temple   | Became a worshipper of Sif Muna the Loreminder
  3455 | D:4      | Reached skill level 1 in Transmutations
  3559 | D:4      | Got a steaming hand axe
  3560 | D:4      | Noticed Sigmund
  3666 | D:4      | Killed Sigmund
  3666 | D:4      | Reached skill level 3 in Conjurations
  3666 | D:4      | Reached XP level 7. HP: 36/36 MP: 11/11
  4000 | D:4      | Noticed Robin
  4048 | D:4      | Killed Robin
  4123 | D:4      | Found Tobruhet's Assorted Antiques.
  4129 | D:4      | Bought 3 scrolls labeled RIODAMA PANEEDD for 90 gold pieces
  4129 | D:4      | Bought a scroll labeled CAMAEK ZOSOA for 30 gold pieces
  4396 | D:4      | Found a white marble altar of Elyvilon.
  4551 | D:5      | Entered Level 5 of the Dungeon
  4654 | D:5      | Reached skill level 4 in Conjurations
  4737 | D:5      | Found Kiluoqarch's Armour Shop.
  4738 | D:5      | Found Miumaze's Jewellery Emporium.
  4866 | D:5      | Noticed Cenon's ghost (amateur OpCj)
  4894 | D:5      | Killed Cenon's ghost
  4894 | D:5      | Reached * piety under Sif Muna
  4894 | D:5      | Reached skill level 8 in Earth Magic
  5313 | D:5      | Found a radiant altar of Vehumet.
  5354 | D:5      | Found Uzoar Xaxt's Jewellery Boutique.
  5361 | D:5      | Reached skill level 1 in Invocations
  5403 | D:5      | Reached XP level 8. HP: 19/41 MP: 13/13
  5617 | D:5      | Found Aheygumi's Antique Armour Shop.
  5991 | D:5      | Found a blossoming altar of Fedhas.
  6218 | D:6      | Reached skill level 2 in Invocations
  6432 | D:6      | Reached skill level 9 in Earth Magic
  6513 | D:6      | Reached skill level 3 in Invocations
  6599 | D:6      | Found a snail-covered altar of Cheibriados.
  6842 | D:7      | Reached skill level 4 in Invocations
  7011 | D:6      | Reached skill level 5 in Invocations
  7066 | D:6      | Reached ** piety under Sif Muna
  7066 | D:6      | Reached skill level 10 in Earth Magic
  7133 | D:7      | Reached XP level 9. HP: 43/45 MP: 14/14
  7382 | D:7      | Reached skill level 5 in Conjurations
  7657 | D:7      | Learned a level 5 spell: Lee's Rapid Deconstruction
  7745 | D:8      | Reached skill level 4 in Spellcasting
  7780 | D:8      | Reached skill level 1 in Fighting
  7843 | D:8      | Noticed a two-headed ogre
  7858 | D:8      | Killed a two-headed ogre
  7858 | D:8      | Reached skill level 2 in Fighting
  7865 | D:8      | Reached skill level 3 in Fighting
  8045 | D:8      | Reached skill level 5 in Spellcasting
  8088 | D:8      | Noticed a hill giant
  8096 | D:8      | Killed a hill giant
  8096 | D:8      | Reached skill level 4 in Fighting
  8364 | D:8      | Reached skill level 5 in Fighting
  8373 | D:8      | Noticed a hill giant
  8379 | D:8      | Killed a hill giant
  8379 | D:8      | Reached skill level 6 in Spellcasting
  8379 | D:8      | Reached XP level 10. HP: 58/60 MP: 18/19
  8449 | D:8      | Reached *** piety under Sif Muna
  8449 | D:8      | Reached skill level 6 in Fighting
  8481 | D:8      | Found an opulent altar of Gozag.
  8916 | D:8      | Found Inoen's Armour Shoppe.
  8929 | D:8      | Reached skill level 7 in Spellcasting
  8966 | D:8      | Learned a level 4 spell: Petrify
  9025 | D:9      | Reached skill level 7 in Fighting
  9102 | D:9      | Found a staircase to the Lair.
  9159 | D:9      | Reached skill level 2 in Transmutations
  9792 | D:9      | Reached skill level 3 in Transmutations
  9843 | D:9      | Found a staircase to the Orcish Mines.
  9853 | D:9      | Reached skill level 8 in Fighting
 10091 | D:10     | Entered Level 10 of the Dungeon
 10176 | D:10     | Reached skill level 2 in Dodging
 10494 | D:10     | Found Ufialuet's Gadget Emporium.
 10585 | D:10     | Reached skill level 3 in Dodging
 11040 | D:10     | Reached skill level 11 in Earth Magic
 11102 | Lair:1   | Entered Level 1 of the Lair of Beasts
 11128 | Lair:1   | Noticed a four-headed hydra
 11136 | Lair:1   | Reached XP level 11. HP: 57/68 MP: 21/21
 11145 | Lair:1   | Killed a four-headed hydra
 11145 | Lair:1   | Reached **** piety under Sif Muna
 11145 | Lair:1   | Reached skill level 4 in Dodging
 11194 | Lair:1   | Found a dark tunnel.
 11210 | Volcano  | Entered a volcano
 11443 | Volcano  | Found a bloodstained altar of Trog.
 11443 | Volcano  | Noticed an orc sorcerer
 11446 | Volcano  | Reached skill level 12 in Earth Magic
 11447 | Volcano  | Killed an orc sorcerer
 11447 | Volcano  | Reached skill level 5 in Dodging
 12024 | Lair:1   | Noticed a seven-headed hydra
 12030 | Lair:1   | Killed a seven-headed hydra
 12268 | D:9      | Reached ***** piety under Sif Muna
 12315 | D:9      | Reached skill level 6 in Dodging
 12943 | Lair:1   | Noticed an eight-headed hydra
 12947 | Lair:1   | Killed an eight-headed hydra
 12978 | Lair:1   | Reached XP level 12. HP: 74/74 MP: 17/23
 13117 | Lair:1   | Reached skill level 7 in Dodging
 13177 | Lair:1   | Reached skill level 8 in Spellcasting
 13801 | Lair:1   | Reached skill level 9 in Spellcasting
 14016 | Lair:1   | Reached skill level 8 in Dodging
 14512 | Lair:2   | Noticed Nergalle
 14518 | Lair:2   | Killed Nergalle
 15183 | Lair:2   | Noticed an eight-headed hydra
 15191 | Lair:2   | Killed an eight-headed hydra
 15191 | Lair:2   | Reached ****** piety under Sif Muna
 15191 | Lair:2   | Received a gift from Sif Muna
 15191 | Lair:2   | Reached skill level 10 in Spellcasting
 15193 | Lair:2   | ...
 15776 | Lair:3   | Reached skill level 3 in Stealth
 16005 | Lair:3   | Noticed totalnoob's ghost (journeyman CeFi)
 16021 | Lair:3   | Found a staircase to the Swamp.
 16178 | Lair:3   | Reached skill level 4 in Stealth
 16178 | Lair:3   | Reached XP level 13. HP: 78/78 MP: 27/27
 16181 | Lair:3   | Reached skill level 6 in Invocations
 16632 | Lair:3   | Reached skill level 5 in Stealth
 16854 | Lair:3   | Reached skill level 7 in Invocations
 17336 | Lair:4   | Reached skill level 8 in Invocations
 17573 | Lair:4   | Reached skill level 13 in Earth Magic
 17960 | Lair:4   | Found a hole to the Spider Nest.
 17980 | Lair:4   | Identified Sif Muna's Guide on Blistering Confrontation (Sif Muna gifted it to you on level 2 of the Lair of Beasts)
 18011 | Lair:4   | Learned a level 6 spell: Iron Shot
 18192 | D:5      | Bought the +2 hat of the High Council {Archmagi, Wiz- Stlth-} for 624 gold pieces
 18997 | Lair:4   | Reached skill level 6 in Conjurations
 19057 | Lair:5   | Found a labyrinth entrance.
 19092 | Lab      | Entered a labyrinth
 19394 | Lab      | Noticed a minotaur
 19405 | Lab      | Killed a minotaur
 19563 | Lab      | Got a flickering platinum ring
 19565 | Lab      | Identified the ring "Doliant" {rCorr *Contam rF+ Int+2} (You found it in a labyrinth)
 19630 | Lair:5   | Noticed an ice dragon
 19641 | Lair:5   | Killed an ice dragon
 19641 | Lair:5   | Reached skill level 7 in Conjurations
 19994 | Lair:5   | Got a shimmering blowgun
 20659 | Lair:5   | Reached skill level 8 in Conjurations
 21038 | Lair:6   | Found a frozen archway.
 21103 | IceCv    | Entered an ice cave
 21254 | IceCv    | Received a gift from Sif Muna
 21420 | IceCv    | Identified Sif Muna's Collected Works on Cankerous Shape Shifting (Sif Muna gifted it to you in an ice cave)
 21487 | IceCv    | Reached skill level 9 in Conjurations
 21502 | IceCv    | Reached skill level 14 in Earth Magic
 21639 | IceCv    | Gained mutation: Your large and strong wings let you fly indefinitely. [Gargoyle growth]
 21639 | IceCv    | Reached XP level 14. HP: 58/84 MP: 10/28
 22133 | IceCv    | Noticed a frost giant
 22371 | IceCv    | Reached skill level 10 in Conjurations
 22466 | IceCv    | Killed a frost giant
 22657 | Lair:6   | Identified the +3 blowgun of the Horn {speed, rF++ Int-3} (You found it on level 5 of the Lair of Beasts)
 22934 | Lair:6   | Got a faintly glowing robe
 22945 | Lair:6   | Identified the +1 robe "Oklowok" {*Corrode rPois Regen+} (You found it on level 6 of the Lair of Beasts)
 23758 | Lair:6   | Received a gift from Sif Muna
 23758 | Lair:6   | Reached skill level 11 in Conjurations
 23759 | Lair:6   | Identified Sif Muna's Catalogue of Flamy Arcane Weapons (Sif Muna gifted it to you on level 6 of the Lair of Beasts)
 23899 | Lair:6   | Reached skill level 15 in Earth Magic
 24542 | Lair:7   | Found a staircase to the Slime Pits.
 25483 | Lair:7   | Reached skill level 12 in Conjurations
 26052 | Lair:8   | Entered Level 8 of the Lair of Beasts
 26648 | Lair:8   | Reached skill level 16 in Earth Magic
 27029 | Lair:7   | Received a gift from Sif Muna
 27029 | Lair:7   | Reached XP level 15. HP: 34/88 MP: 1/29
 27030 | Lair:7   | Identified Sif Muna's Collected Works on the Destructive Rocks (Sif Muna gifted it to you on level 7 of the Lair of Beasts)
 27185 | Lair:7   | Learned a level 5 spell: Bolt of Magma
 27242 | Lair:7   | Reached skill level 13 in Conjurations
 27422 | Lair:8   | Reached skill level 1 in Fire Magic
 27655 | Lair:8   | Reached skill level 2 in Fire Magic
 28263 | Lair:8   | Found a runed door.
 28394 | Lair:8   | Reached skill level 3 in Fire Magic
 29210 | Lair:8   | Reached skill level 4 in Fire Magic
 30241 | D:11     | Noticed Gastronok
 30287 | D:11     | Killed Gastronok
 30287 | D:11     | Reached skill level 5 in Fire Magic
 30645 | D:11     | Received a gift from Sif Muna
 30646 | D:11     | Identified Sif Muna's Compendium of Hurtful Ignition (Sif Muna gifted it to you on level 11 of the Dungeon)
 30691 | D:11     | Learned a level 6 spell: Bolt of Fire
 30872 | D:11     | Found Orphigyc's Assorted Antiques.
 31005 | D:11     | Bought a scroll labeled CEVASTR HEREKELL for 31 gold pieces
 31315 | D:11     | Reached skill level 14 in Conjurations
 32018 | D:12     | Found a flickering gateway to a bazaar.
 32038 | Bazaar   | Entered a bazaar
 32038 | Bazaar   | Found Kimo's Antique Weapon Emporium.
 32038 | Bazaar   | Found Seoha's Food Shop.
 32038 | Bazaar   | Found Urumojacev's Magic Scroll Shoppe.
 32038 | Bazaar   | Found Pusoxtoe's General Store.
 32040 | Bazaar   | Found Myampon's Assorted Antiques.
 32040 | Bazaar   | Found Veipneqiri's Magic Scroll Boutique.
 32075 | Bazaar   | Bought a scroll of blinking for 142 gold pieces
 32075 | Bazaar   | Bought a scroll of identify for 38 gold pieces
 32079 | Bazaar   | Bought 2 viscous yellow potions for 50 gold pieces
 32088 | Bazaar   | Bought a scroll of acquirement for 520 gold pieces
 32093 | Bazaar   | Bought a scroll of identify for 28 gold pieces
 32116 | Bazaar   | Bought a scroll of fog for 38 gold pieces
 32133 | Bazaar   | Bought a scroll of teleportation for 30 gold pieces
 32136 | Bazaar   | Bought a scroll of teleportation for 42 gold pieces
 32142 | Bazaar   | Bought a meat ration for 50 gold pieces
 32142 | Bazaar   | Bought a meat ration for 50 gold pieces
 32142 | Bazaar   | Bought a meat ration for 50 gold pieces
 32142 | Bazaar   | Bought a meat ration for 50 gold pieces
 32142 | Bazaar   | Bought a bread ration for 50 gold pieces
 32142 | Bazaar   | Bought a bread ration for 50 gold pieces
 32258 | D:12     | Reached skill level 6 in Fire Magic
 33664 | Orc:1    | Entered Level 1 of the Orcish Mines
 33870 | Orc:1    | Noticed Snorg
 33876 | Orc:1    | Killed Snorg
 34118 | Orc:1    | Found Waza's Magic Scroll Shop.
 34127 | Orc:1    | Bought a scroll of identify for 34 gold pieces
 34414 | Orc:2    | Entered Level 2 of the Orcish Mines
 34414 | Orc:2    | Noticed an orc warlord
 34736 | Orc:1    | Killed an orc warlord
 34736 | Orc:1    | Reached skill level 7 in Fire Magic
 35251 | Orc:2    | Found a staircase to the Elven Halls.
 35485 | Orc:2    | Noticed Donald
 35510 | Orc:2    | Killed by a reflected iron shot ... reflected by Donald

Vault maps used:
D:1:      dpeg_arrival_rooms_c, minmay_door_square
D:2:      kennysheep_big_flooded_room, lemuel_crystal_altar,
          grunt_temple_overflow_open
D:3:      kennysheep_the_goblin_king, ecumenical_altar_1,
          kennysheep_jessica_study
D:4:      nicolae_overflow_crystal_walls, minmay_temple_entry_glassed_door,
          serial_shops, shop, st_stairs_1, uniq_sigmund, uniq_robin
D:5:      corexii_shantytown, lemuel_coloured_pillars_altar, vehumet_statue,
          serial_shops, shop, shop_statue, kennysheep_mini_moat, shop,
          first_bread
D:6:      lemuel_crystal_altar, minmay_mini_ossuary
D:8:      nicolae_gozag_cash_rules_everything_around_me, serial_shops,
          kennysheep_little_box, grunt_ogre_cave
D:9:      lair_0_dummy, orc_0_dummy
D:10:     serial_shops, shop
D:11:     serial_shops, shop, serial_bayou_lagoon_b, uniq_gastronok
D:12:     serial_shops, bzr_entry_customers
Temple:   triangle_lava_temple_12
Lair:1:   enter_volcano_3, beast_lair_carwin_8, lemuel_fruit_tree
Lair:2:   kennysheep_rathole, minmay_holes, serial_bayou_shore_a, uniq_nergalle
Lair:3:   minmay_swamp_entry_wisps, beast_lair_carwin_1, grunt_megastairs_2
Lair:4:   spider_nest_entry_webs, grunt_megastairs_3
Lair:5:   lab_entry_generic, ice2_lemuel, serial_bayou_shore_b
Lair:6:   forest_paths, portal_ice_cave_entry_ice_beasts
Lair:7:   minmay_slime_entry_jelly_boxes, infiniplex_staircase_pool
Lair:8:   wormcave, guppyfry_lair_end_dragon, grunt_megastairs_5
Orc:1:    serial_shops, shop_fountains, uniq_snorg
Orc:2:    st_orc_mages, uniq_donald, uniq_josephine
Lab:      labyrinth_spiral, nicolae_lab_big_swirl, labyrinth_skeletal_remains
Bazaar:   bazaar_minmay_generic_island
IceCv:    ice_cave_caverns_03
Volcano:  volcano_lake

Vanquished Creatures
  Gastronok
  A frost giant
  An orc warlord Snorg
  A fire dragon
  A minotaur
  2 ice dragons
  7 hydras
  A catoblepas
  11 death yaks
  An orc high priest Nergalle
  A fire crab
  An unseen horror
  A swamp dragon
  2 lindwurms
  2 ugly things
  8 hill giants
  An orc sorcerer
  A griffon
  2 cyclopes
  3 slime creatures
  4 black mambas
  2 molten gargoyles
  5 torpor snails
  An ice statue
  22 spiny frogs
  An efreet
  5 komodo dragons
  4 fire drakes
  3 spriggan druids
  17 polar bears
  5 trolls
  A two-headed ogre
  3 giant leeches
  10 blink frogs
  The ghost of Cenon the Conjurer, an amateur OpCj Sigmund
  12 spriggans
  A wraith
  A water elemental
  A shadow
  59 yaks
  4 trapdoor spiders
  A vampire
  A wyvern
  7 hippogriffs
  2 steam dragons
  A fire bat
  7 basilisks
  3 wargs
  46 wolves
  2 mottled dragons
  4 insubstantial wisps
  A soldier ant
  18 water moccasins
  15 porcupines
  3 sky beasts
  A black bear
  20 ice beasts
  21 orc warriors
  3 swamp drakes
  3 phantoms
  2 eyes of draining
  A necrophage
  6 wasps
  8 ogres
  4 centaurs
  18 crocodiles
  A big kobold
  A gnoll sergeant
  A wyvern zombie
  20 giant frogs
  5 killer bees
  3 wights
  2 electric eels
  2 crimson imps
  A giant frog zombie
  6 hounds
  14 jellies
  15 orc wizards
  3 centaur skeletons
  23 orc priests
  A giant frog skeleton Jessica
  6 hell rats
  10 worker ants
  12 iguanas
  A killer bee zombie
  6 sheep
  A hound skeleton
  A mummy
  A worker ant zombie Robin
  8 gnolls
  13 adders
  73 river rats
  3 white imps
  2 oozes
  2 adder zombies
  An adder skeleton
  23 worms
  8 giant geckos
  88 orcs
  6 bats
  5 giant cockroaches
  24 hobgoblins
  7 jackals
  8 quokkas
  A ball python
  A giant gecko skeleton
  A giant gecko zombie
  6 giant newts
  23 goblins
  2 hobgoblin zombies
  A jackal skeleton
  25 kobolds
  2 orc zombies
  A quokka skeleton
  A quokka zombie
  9 rats
  14 fungi
  20 plants
928 creatures vanquished.
